 Dungeon Crawl Stone Soup version 0.32-a0-19-g28bc0835a1 (webtiles) character file.

Game seed: 4068778195241808166

1621196 Xpym the Metallomancer (level 27, 173/211 HPs)
             Began as a Djinni Conjurer on Dec 16, 2023.
             Was a High Priest of Elyvilon.
             Escaped with the Orb
             ... and 3 runes on Jan 17, 2024!
             The game lasted 05:05:05 (73780 turns).

Xpym the Metallomancer (Djinni Conjurer)           Turns: 73780, Time: 05:05:06

Health: 173/211    AC: 10    Str: 17    XL:     27
Gold:   5121       EV: 27    Int: 35    God:    Elyvilon [*****.] SH: 16 Dex: 21

rFire   + + +        b - staff of air
rCold   + + +        u - +4 kite shield {rC+}
rNeg    + . .        c - +3 leather armour {rC+}
rPois   ∞            B - +1 hat of Yredelemnul's Approval {^Drain +Blink rN+}
rElec   +            P - scarf {rC+ rF+}
rCorr   +            X - +0 pair of gloves of Beogh's Regard {rPois Will++}
SInv    +            (boots unavailable)
Will    ++++.        F - amulet "Apronocu" {Regen+ Str+5}
Stlth   ++           C - ring "Nigaist" {rC+ rCorr Int+6 Dex+6 Slay+2}
HPRegen 1.35/turn    v - ring of Jucuk {rCorr Str+6 Slay-3 SInv Stlth+}
MPRegen 0.00/turn

%: no passive effects
@: flying, studying 3 skills
A: sickness immunity, fire resistance 2, cold vulnerability 1, float, innate
caster, HP casting, extra vitality 1, dopey 1
0: Orb of Zot
}: 3/15 runes: decaying, serpentine, silver
a: Renounce Religion, Evoke Blink, Purification, Heal Other, Heal Self, Divine
Vigour


You escaped.
You worshipped Elyvilon.
Elyvilon was extremely pleased with you.
You visited 10 branches of the dungeon, and saw 48 of its levels.
You also visited: Ice Cave and Desolation.

You collected 7860 gold pieces.
You spent 2739 gold pieces at shops.


Innate Abilities, Weirdness & Mutations

You are immune to sickness and miasma.
You are immune to poison.
Your flesh is very heat resistant. (rF++)
You are vulnerable to cold. (rC-)
You float through the air rather than walking.
You learn spells naturally, not from books.
Your magical power is your life essence.
You have superior vitality. (+4 MHP)
You are dopey. (Int -2)


   Skills:
 + Level 21.8 Fighting
 - Level 5.0 Throwing
 - Level 12.7 Armour
 + Level 21.7 Dodging
 + Level 12.9 Stealth
 - Level 9.0 Shields
 * Level 22.5 Spellcasting
 * Level 22.5 Conjurations
 * Level 22.5 Hexes
 * Level 22.5 Summonings
 * Level 22.5 Necromancy
 * Level 22.5 Translocations
 * Level 22.5 Fire Magic
 * Level 22.5 Ice Magic
 * Level 22.5 Air Magic
 * Level 25.3 Earth Magic
 * Level 25.0 Alchemy
 + Level 18.1 Invocations
 - Level 9.0 Evocations


You knew the following spells:

 Your Spells              Type           Power      Damage    Failure   Level
a - Curse of Agony        Necr           100%       N/A       0%          5
b - Curse of Agony        Necr           100%       N/A       0%          5
c - Sculpt Simulacrum     Ice/Alch       58%        N/A       0%          6
d - Dazzling Flash        Conj/Hex       100%       N/A       0%          3
e - Curse of Agony        Necr           100%       N/A       0%          5
f - Fulminant Prism       Conj/Alch      58%        3d25      0%          4
g - Plasma Beam           Fire/Air       69%        2x1d86    1%          6
h - Curse of Agony        Necr           100%       N/A       0%          5
i - Curse of Agony        Necr           100%       N/A       0%          5
l - Maxwell's Capacitive  Air            69%        ∞         1%          8
m - Magic Dart            Conj           100%       1d8       0%          1
n - Orb of Destruction    Conj           57%        9d14      1%          7
p - Spellforged Servitor  Conj/Summ      57%        N/A       1%          7
r - Inner Flame           Hex/Fire       100%       N/A       0%          3
s - Searing Ray           Conj           100%       2d8       0%          2
w - Fugue of the Fallen   Necr           100%       N/A       0%          3
y - Malign Gateway        Summ/Tloc      57%        N/A       1%          7
D - Death's Door          Necr           57%        N/A       17%         9
X - Iskenderun's Mystic   Conj/Tloc      100%       2d19      0%          4
Y - Volatile Blastmotes   Fire/Tloc      100%       2d18      0%          3
Z - Arcjolt               Conj/Air       69%        1d79      0%          5
Your spell library was empty.

Inventory:

Hand Weapons
 a - the +3 falchion of Immorality {heavy, rElec rF+ rN++ Str-3}
   (You took it off a spriggan on level 5 of the Lair of Beasts)

   Str-3:     It affects your strength (-3).
   rF+:       It protects you from fire.
   rElec:     It insulates you from electricity.
   rN++:      It greatly protects you from negative energy.
Missiles
 y - 2 throwing nets {=f}
 z - 2 curare-tipped darts {=f}
Armour
 c - a +3 leather armour of cold resistance (worn)
 e - the +5 robe of Night {Dark Will+ SInv}
   (You took it off a naga mage on level 4 of the Vaults)

   Dark:      It shrouds the wearer in darkness, reducing the range at which
   they can see and be seen by others.
   Will+:     It increases your willpower.
   SInv:      It lets you see invisible.
 i - the +4 hat of Refuge {^Drain Int+5}
   (You found it on level 4 of the Vaults)

   Int+5:     It affects your intelligence (+5).
   ^Drain:    It drains your maximum health when unequipped.
 s - the +0 kite shield of Discretion {rF+++ Will- Str+4}
   (You found it on level 5 of the Vaults)

   Str+4:     It affects your strength (+4).
   rF+++:     It renders you almost immune to fire.
   Will-:     It decreases your willpower.
 u - a +4 kite shield of cold resistance (worn)
 B - the +1 hat of Yredelemnul's Approval (worn) {^Drain +Blink rN+}
   (You found it on level 4 of the Vaults)

   rN+:       It protects you from negative energy.
   +Blink:    It lets you blink.
   ^Drain:    It drains your maximum health when unequipped.
 P - a scarf of resistance (worn)
 Q - the -1 cloak of Incorporation {rC++ Str+2 Dex-3 Stlth+}
   (You found it on level 5 of the Vaults)

   Str+2:     It affects your strength (+2).
   Dex-3:     It affects your dexterity (-3).
   rC++:      It greatly protects you from cold.
   Stlth+:    It makes you more stealthy.
 R - a +2 cloak of preservation
 X - the +0 pair of gloves of Beogh's Regard (worn) {rPois Will++}
   (You found it on level 1 of the Vaults)

   rPois:     It protects you from poison Will++: It greatly increases your
   willpower.
 Z - a +2 cloak of willpower
Magical Staves
 b - a staff of air (weapon)
 A - a staff of conjuration
Jewellery
 j - the ring of Kiof {Ice +Blink rCorr}
   (You found it on level 1 of the Elven Halls)

   [ring of ice]

   Ice:       It enhances your ice magic.
   rF-:       It makes you vulnerable to fire.
   rC+:       It protects you from cold.
   +Blink:    It lets you blink.
   rCorr:     It protects you from acid and corrosion.
 v - the ring of Jucuk (right hand) {rCorr Str+6 Slay-3 SInv Stlth+}
   (You found it in the Desolation of Salt)

   [ring of resist corrosion]

   Str+6:     It affects your strength (+6).
   Slay-3:    It affects your accuracy & damage with ranged weapons and melee
   (-3).
   SInv:      It lets you see invisible.
   rCorr:     It protects you from acid and corrosion.
   Stlth+:    It makes you more stealthy.
 x - the ring "Loto" {rF++ Int+6 Dex+3 Stlth+}
   (You found it in the Desolation of Salt)

   [ring of intelligence]

   Int+6:     It affects your intelligence (+6).
   Dex+3:     It affects your dexterity (+3).
   rF++:      It greatly protects you from fire.
   Stlth+:    It makes you more stealthy.
 C - the ring "Nigaist" (left hand) {rC+ rCorr Int+6 Dex+6 Slay+2}
   (You found it in the Desolation of Salt)

   [ring of dexterity]

   Int+6:     It affects your intelligence (+6).
   Dex+6:     It affects your dexterity (+6).
   Slay+2:    It affects your accuracy & damage with ranged weapons and melee
   (+2).
   rC+:       It protects you from cold.
   rCorr:     It protects you from acid and corrosion.
 F - the amulet "Apronocu" (around neck) {Regen+ Str+5}
   (You took it off a yaktaur captain on level 5 of the Vaults)

   [amulet of regeneration]

   Str+5:     It affects your strength (+5).
   Regen+:    It increases your rate of health regeneration.
 W - the ring "Idghy" {rN+ Str+4 Int+3 Dex+4 Slay+2}
   (You took it off an orc on level 5 of the Vaults)

   [ring of positive energy]

   Str+4:     It affects your strength (+4).
   Int+3:     It affects your intelligence (+3).
   Dex+4:     It affects your dexterity (+4).
   Slay+2:    It affects your accuracy & damage with ranged weapons and melee
   (+2).
   rN+:       It protects you from negative energy.
Wands
 q - a wand of digging (13)
 H - a wand of light (14)
 Y - a wand of roots (38)
Scrolls
 f - 2 scrolls of noise
 g - 5 scrolls of summoning
 k - 3 scrolls of poison
 n - 2 scrolls of blinking
 o - 6 scrolls of fear
 I - 3 scrolls of revelation
 K - 21 scrolls of teleportation {@r2}
 M - 5 scrolls of vulnerability
 N - 8 scrolls of fog
 U - 4 scrolls of immolation
 V - 5 scrolls of amnesia
Potions
 d - 6 potions of resistance
 h - 5 potions of invisibility
 l - 8 potions of lignification
 m - 7 potions of ambrosia
 p - 9 potions of mutation
 r - 15 potions of heal wounds {@q2}
 t - 8 potions of cancellation
 G - 20 potions of curing {@q1}
 J - 6 potions of enlightenment
 L - 5 potions of brilliance
Miscellaneous
 E - a sack of spiders
 O - a phantom mirror
 T - a condenser vane

Dungeon Overview and Level Annotations

Branches:
Dungeon (15/15)            Temple (1/1) D:4            Lair (5/5) D:8
  Swamp (4/4) Lair:2        Snake (4/4) Lair:3        Slime (0/5) Lair:4
    Orc (2/2) D:10            Elf (3/3) Orc:2        Vaults (5/5) D:13
  Crypt (0/3) Vaults:2     Depths (4/4) D:15            Zot (5/5) Depths:4
  IceCv (visited)         Desolation (visited)

Altars:
Ashenzari
Cheibriados
Dithmenos
Elyvilon
Fedhas
Gozag
Hepliaklqana
Makhleb
Nemelex Xobeh
Okawaru
Qazlal
Ru
Trog
Uskayaw
Wu Jian
Xom
Yredelemnul
Zin
The Shining One
Jiyva
Lugonu

Shops:
D:5 :   Orc:2 ([:[   Elf:2 =   Snake:1 :   Snake:3 (   Vaults:1 :   Vaults:2 *
Zot:5 *   Depths:1 **   Depths:4 ?

Portals:
Hell: Depths:1 Depths:2 Depths:3 Depths:4
Abyss: Lair:5 Depths:1 Depths:3
Pandemonium: Depths:2 Depths:4
Ziggurat: Depths:2

Annotations:
Elf:2 3 runed translucent doors
Depths:2 2 transporters
Depths:3 6 runed translucent doors
Zot:2 2 transporters, 1 runed translucent door, exclusion: orange crystal statue, Yngi's ghost, legendary MiFi
Zot:3 2 transporters, Emnejil's ghost, master VSBe; Tymue's ghost, legendary FoFi

.....###...#.##.##.###.##.##.#
..†..###.....##.##.....##.##.#
...#.......(.##.###)......##.####
...#.###.............#.#####.....
####.###..#...#.####.#.#####.##.#
####..........#####....#.........
#.............#PPP#..###........#
#.######..#..##~~~##.# #........#
#.# #.#..#..+..@..'.# #........#
#.# #....#.###♣.♣#### #.......##
#.####......).##'# #.......#
#........##.#.##.# #.......#
#######..##.#.##.# #.......#
#..##.#....# ###.......#
#..##.#..### #.......###
#..........# #.#..#.##
#.#.....#.## #.#..#.##


There were no monsters in sight!


Message History

Confirm with . or Enter, or press ? or * to list all spells.
Casting: Plasma Beam (safe; 1% risk of failure)
Press: ? - help, Dir - look around, f - activate You feel a surge of power!
The bolt of lightning hits the Ice Fiend!!!
The Ice Fiend is severely wounded.
The fiery plasma hits the Ice Fiend but does no damage.
The Ice Fiend is severely wounded.
You take 5 damage, and have 113/211 hp.
Casting: Plasma Beam (safe; 1% risk of failure)
Confirm with . or Enter, or press ? or * to list all spells.
Casting: Plasma Beam (safe; 1% risk of failure)
Press: ? - help, Dir - look around, f - activate You feel a surge of power!
The bolt of lightning hits the Ice Fiend!!!
You kill the Ice Fiend!
Your Alchemy skill increases to level 25!
You take 4 damage, and have 109/211 hp.
There is a stone staircase leading up here.
You fly upwards.
There is a stone staircase leading down here.
There is an open door here.
There is a stone staircase leading up here.
You fly upwards.
There is a stone staircase leading down here.
You reach down and open the door.
There is an open door here.
There is a staircase leading out of the dungeon here.
You regained 63 hp, and now have 172/211 hp.
You have escaped!

Skill      XL: |  1  2  3  4  5  6  7  8  9 10 11 12 13 14 15 16 17 18 19 20 21 22 23 24 25 26 27 |
---------------+----------------------------------------------------------------------------------+-----
Spellcasting   | 4 5 6 7 8 9 10 11 12 13 14 15 16 17 18 19 20 22 | 22.5
Conjurations   | 4 5 6 7 8 9 10 11 12 13 14 15 16 17 18 19 20 22 | 22.5
Hexes          | 4 5 6 7 8 9 10 11 12 13 14 15 16 17 18 19 20 22 | 22.5
Summonings     | 4 5 6 7 8 9 10 11 12 13 14 15 16 17 18 19 20 22 | 22.5
Necromancy     | 4 5 6 7 8 9 10 11 12 13 14 15 16 17 18 19 20 22 | 22.5
Translocations | 4 5 6 7 8 9 10 11 12 13 14 15 16 17 18 19 20 22 | 22.5
Transmutations | 4 5 6 7 8 9 10 11 12 15 |  0.0
Fire Magic     | 4 5 6 7 8 9 10 11 12 13 14 15 16 17 18 19 20 22 | 22.5
Ice Magic      | 4 5 6 7 8 9 10 11 12 13 14 15 16 17 18 19 20 22 | 22.5
Air Magic      | 4 5 6 7 8 9 10 11 12 13 14 15 16 17 18 19 20 22 | 22.5
Earth Magic    | 4 5 6 7 8 9 10 11 12 13 14 15 16 17 18 19 20 22 25 | 25.3
Alchemy        | 4 5 6 7 8 9 10 11 12 17 18 19 20 21 22 23 25 | 25.0
Fighting       | 1 2 3 5 6 8 9 10 12 13 14 15 16 17 18 19 20 21 | 21.8
Dodging        | 5 7 9 10 11 12 13 14 15 16 17 18 19 20 21 | 21.7
Stealth        | 4 5 6 12 | 12.9
Invocations    | 5 7 9 10 11 12 13 14 15 16 18 | 18.1
Evocations     | 1 5 8 9 |  9.0
Shields        | 2 5 6 7 9 |  9.0
Armour         | 3 5 6 7 9 10 11 12 | 12.7
Throwing       | 3 5 |  5.0

Action                     |  1- 3 |  4- 6 |  7- 9 | 10-12 | 13-15 | 16-18 | 19-21 | 22-24 | 25-27 || total
---------------------------+-------+-------+-------+-------+-------+-------+-------+-------+-------++-------
  Melee: Staff             |       |       |       |       |       |       |       |       |     2 ||     2
  Throw: Dart              |       |       |       |       |       |    10 |       |       |       ||    10
         Throwing net      |       |       |       |       |       |     1 |       |       |       ||     1
   Cast: Magic Dart        |    50 |    99 |    79 |    56 |   151 |     4 |       |       |       ||   439
         Searing Ray       |     6 |    16 |    40 |    59 |    32 |     2 |       |       |       ||   155
         Sandblast         |     1 |    12 |    14 |    12 |       |       |       |       |       ||    39
         Iskenderun's Myst |       |     1 |     3 |    79 |   105 |     2 |    28 |     3 |       ||   221
         Volatile Blastmot |       |       |     1 |     2 |     3 |     1 |       |       |       ||     7
         Inner Flame       |       |       |     2 |       |     8 |       |       |     1 |       ||    11
         Fulminant Prism   |       |       |       |    55 |   303 |    74 |     7 |       |       ||   439
         Arcjolt           |       |       |       |       |   141 |   209 |    28 |    34 |     1 ||   413
         Dazzling Flash    |       |       |       |       |     1 |       |       |       |       ||     1
         Plasma Beam       |       |       |       |       |       |   146 |   632 |   524 |   465 ||  1767
         Orb of Destructio |       |       |       |       |       |       |    14 |    36 |     8 ||    58
         Spellforged Servi |       |       |       |       |       |       |       |    24 |    20 ||    44
         Maxwell's Capacit |       |       |       |       |       |       |       |       |   179 ||   179
 Invoke: Purification      |       |       |       |     3 |       |     2 |       |       |       ||     5
         Divine Vigour     |       |       |       |       |     1 |     1 |       |       |       ||     2
         Heal Self         |       |       |       |       |     3 |     6 |     5 |     9 |    15 ||    38
Ability: Evoke Blink       |       |       |       |       |       |     3 |       |     6 |     4 ||    13
  Evoke: Wand              |       |       |       |       |       |     3 |       |     3 |       ||     6
    Use: Scroll            |       |     4 |     5 |     3 |    10 |    14 |     4 |     4 |    13 ||    57
         Potion            |       |       |       |       |     3 |     3 |       |       |     1 ||     7
 Armour: Robe              |     1 |     7 |    23 |       |   109 |   146 |    56 |       |       ||   342
         Steam dragon scal |       |       |     1 |    70 |    14 |       |       |       |       ||    85
         Leather armour    |       |       |       |       |       |       |    39 |    81 |   178 ||   298
  Dodge: Dodged            |     5 |    14 |    18 |    93 |   193 |   167 |    97 |    93 |   180 ||   860
  Block: Buckler           |       |       |       |       |    16 |    43 |    29 |       |       ||    88
         Reflection        |       |       |       |       |       |       |    19 |    16 |     2 ||    37
         Kite shield       |       |       |       |       |       |       |    32 |   138 |   138 ||   308

Levels and vault maps discovered:
D:1:      tarquinn_simple_flora_water_e, layout_basic
D:2:      layout_basic, basic_altar
D:3:      layout_loops_ring, mainiacjoe_overflow_six_doors_small,
          mainiacjoe_overflow_chevrons
D:4:      corexii_shack_village, layout_cave_pools, kennysheep_mini,
          minmay_temple_entry_junction
D:5:      layout_basic, mainiacjoe_overflow_surrounded_room,
          lemuel_crystal_altar, gammafunk_ghost_stat_death,
          nicolae_custom_books, dk_vineyard_1, minivault_11, grunt_decor_cap,
          corner_web_ring, kennysheep_small_circle
D:6:      layout_rooms, mainiacjoe_overflow_small_starburst, old_standard_altar
D:7:      layout_loops_ring, corexii_hall_statues_l,
          minmay_fractal_squares_diagonal_5
D:8:      gammafunk_the_bubble [the_bubble_gammafunk_crates], layout_basic,
          makhleb_altar_promises_db
D:9:      layout_roguey, mainiacjoe_overflow_concentric_impassable
D:10:     layout_rooms, nicolae_dithmenos_shadow_blocks,
          grunt_temple_overflow_cloverleaf, mainiacjoe_overflow_alcove_2,
          hiddenorc1_lemuel
D:11:     layout_rooms, serial_glass, glass_columns_a, glass_columns_a,
          lightli_airlock
D:12:     layout_big_octagon
D:13:     layout_loops_corners, erik_vaults_2, uniq_jorgrun
D:14:     layout_roguey, nemelex_altar_shiori, serial_bayou,
          serial_bayou_pond_d, serial_bayou_pond_e, serial_bayou_lake_a,
          serial_bayou_pond_a, uniq_louise
D:15:     grunt_enter_depths_magical_seal, layout_irregular_city,
          serial_park_avenue1, drop_trap
Temple:   nicolae_temple_ecumenical_triangle
Lair:1:   kb_forest_paths, layout_cave_pods
Lair:2:   beast_lair_carwin_large_3, layout_regular_city,
          palyth_hydra_swamp_entry, uniq_maggie
Lair:3:   layout_cellular_growth, nicolae_snake_entry_warm_welcome,
          grunt_megastairs_2, lemuel_fruit_tree, serial_bayou_shore_b
Lair:4:   layout_small_grid, slime_entry_1, serial_bayou_shore_b
Lair:5:   hellmonk_lair_end_abyssal_woods, layout_long_grid, uniq_rupert
Swamp:1:  layout_basic_swamp, evilmike_swamp_ruin_house_2, swamp_pool_3,
          infiniplex_staircase_pool_2, uniq_donald, uniq_kirke, uniq_mlioglotl
Swamp:2:  layout_basic_swamp, serial_swamp_ruin, evilmike_swamp_ruin_house_4,
          hangedman_swamp_ruin_hall, swamp_pool_1_2
Swamp:3:  layout_basic_swamp, hangedman_swamp_lotus, nicolae_swamp_tree_isthmus
Swamp:4:  byrel_swamp_growth_death_and_undeath, layout_basic_swamp,
          infiniplex_staircase_pool, nicolae_swamp_decorative_isthmus,
          uniq_bai_suzhen
Snake:1:  layout_honeycomb, nicolae_shop_i_like_small_books_too
Snake:2:  layout_grid_maze, portal_ice_cave_entry_pillars_four,
          serial_bayou_shore_b, uniq_vashnia
Snake:3:  layout_basic, serial_shops, shop, nicolae_snake_salamander_stairs,
          grunt_megastairs_5
Snake:4:  johnstein_snake_rune_scales, layout_concentric_octagons,
          grunt_megastairs_3
Orc:1:    layout_caves, mines3_lemuel, uniq_gastronok
Orc:2:    grunt_orc_community_town_hall, layout_caves,
          grunt_orc_community_big_house_2, grunt_orc_community_big_house_1,
          grunt_orc_community_house_2, grunt_orc_community_house_3,
          grunt_orc_community_house_1, grunt_orc_community_house_1
Elf:1:    elf_arrival_002, layout_geoelf_octagon, evilmike_minifort,
          lemuel_upstairs_altar
Elf:2:    elven_hall_of_blades_hangedman_original [nicolae_blade_little_rooms],
          layout_geoelf_grid, serial_shops, shop, ebering_ghost_rock_garden,
          minivault_4, guppyfry_elf_garden
Elf:3:    minmay_elf_hall_four_x, layout_loops_corners,
          dreamdust_mushroom_princess
Vaults:1: v_misc_19, hangedman_vaults_stretched_pinwheel, nicolae_vaults_museum,
          ontoclasm_vaults_ring_square, nicolae_vaults_rhombus_6,
          nicolae_vaults_closet_pinwheel_3, v_misc_28,
          nicolae_vaults_storage_closets_1, vaults_room_grunt_arrival_ludios,
          nicolae_vaults_specimen_jars, nicolae_vaults_little_squares_3,
          vaults_room_corners, ontoclasm_vaults_decontamination,
          nicolae_vaults_little_squares_3, nicolae_vaults_two_Ls,
          nicolae_vaults_three_branches, layout_vaults_ring, serial_shops,
          nicolae_shop_tiny_statue_garden, uniq_saint_roka
Vaults:2: portal_desolation_entry_garden, nicolae_vaults_diamond_2,
          hangedman_vaults_corner, minmay_crypt_entry_nasty_monster,
          nicolae_vaults_offset_grid_hallway_2, v_misc_22, vaults_room_hallway,
          nicolae_vaults_six-pack, nicolae_vaults_sesquioval_fish,
          nicolae_vaults_tetromino_Z_1, nicolae_vaults_tetromino_T_2,
          layout_vaults_omnigrid, serial_shops, nicolae_shop_waterfront,
          uniq_sojobo
Vaults:3: hangedman_vaults_stitches, nicolae_vaults_trapezoid_1, st_cross,
          v_misc_26, nicolae_vaults_surprise_closet,
          nicolae_vaults_closet_pinwheel_3, nicolae_vaults_trapezoid_lopsided_3,
          layout_vaults_chaotic_city
Vaults:4: nicolae_vaults_alarming, grunt_tower_of_power, v_alt_pattern_4,
          nicolae_vaults_trapezoid_layered, nicolae_vaults_stepped_doors,
          nicolae_vaults_house_3, serial_ice_g, vaults_room_corners, v_misc_28,
          vaults_room_corners, ontoclasm_vaults_twist,
          nicolae_vaults_more_shelving_2, nicolae_vaults_tetromino_L_1,
          vaults_room_pool, layout_vaults_omnicross, uniq_norris
Vaults:5
Depths:1: layout_gridlike, serial_shops, shop, abyss_entry,
          grunt_hell_entry_demonic_statue,
          nicolae_concentric_dashed_squares_mild, st_stairs_8, minivault_10,
          chequers_serial_rivers_micro_d, minmay_statues_item,
          nicolae_shop_overcharged_wands
Depths:2: gammafunk_jiyva_shrine, layout_basic, enter_ziggurat_f, hell_entry,
          hangedman_abyss_or_decor_stagger, pan_entry,
          chequers_serial_rivers_micro_b, minmay_staircase_windowed_large,
          uniq_nikola, uniq_vv
Depths:3: minmay_connected_boxes_in_corner, layout_gridlike, hell_entry,
          abyss_entry_crystal, brannock_guarded_unrand_thermic_engine,
          infiniplex_staircase_pillars_2
Depths:4: evilmike_zot_entry_basic, layout_cave_shapes, grunt_pan_entry_spiral,
          grunt_hell_entry_dis_grunt, xom_teletrap_fun, minmay_shop_star
Zot:1:    layout_gridlike, hangedman_zot_decor_scrapings, grunt_ministairs_11
Zot:2:    gammafunk_sealed_arena, layout_misc_corridors,
          regret_index_zotdec_dark_gr, ebering_ghost_xom
Zot:3:    layout_gridlike, nzn_ghost_randoct, regret_index_zotdec_iron_s
Zot:4:    layout_concentric_octagons
Zot:5:    layout_misc_corridors, grunt_ministairs_1, nicolae_shop_clearance

Notes
Turn   | Place    | Note
-------+----------+-------------------------------------------
     0 | D:1      | Xpym the Djinni Conjurer began the quest for the Orb.
     0 | D:1      | Xpym set off with the following spells memorised: Magic
                  | Dart, Searing Ray, Dazzling Flash, Fulminant Prism,
                  | Iskenderun's Mystic Blast.
     0 | D:1      | Reached XP level 1. HP: 15/15 MP: 0/0
     6 | D:1      | You are sucked into a shaft and drop 1 floor!
   201 | D:1      | Reached XP level 2. HP: 14/21 MP: 0/0
   345 | D:1      | Reached XP level 3. HP: 24/25 MP: 0/0
   345 | D:1      | Learned a level 1 spell: Sandblast
   402 | D:1      | Reached skill level 4 in Spellcasting
   402 | D:1      | Reached skill level 4 in Conjurations
   402 | D:1      | Reached skill level 4 in Hexes
   402 | D:1      | Reached skill level 4 in Summonings
   402 | D:1      | Reached skill level 4 in Necromancy
   402 | D:1      | Reached skill level 4 in Translocations
   402 | D:1      | Reached skill level 4 in Transmutations
   402 | D:1      | Reached skill level 4 in Fire Magic
   402 | D:1      | Reached skill level 4 in Ice Magic
   402 | D:1      | Reached skill level 4 in Air Magic
   402 | D:1      | Reached skill level 4 in Earth Magic
   402 | D:1      | Reached skill level 4 in Alchemy
  1086 | D:2      | Reached XP level 4. HP: 29/31 MP: 0/0
  1429 | D:2      | Found a blossoming altar of Fedhas.
  2003 | D:3      | Reached XP level 5. HP: 32/35 MP: 0/0
  2003 | D:3      | Learned a level 3 spell: Fugue of the Fallen
  2031 | D:3      | Found a hide-covered altar of Uskayaw.
  2654 | D:4      | Reached skill level 1 in Fighting
  2667 | D:4      | Reached skill level 5 in Spellcasting
  2667 | D:4      | Reached skill level 5 in Conjurations
  2667 | D:4      | Reached skill level 5 in Hexes
  2667 | D:4      | Reached skill level 5 in Summonings
  2667 | D:4      | Reached skill level 5 in Necromancy
  2667 | D:4      | Reached skill level 5 in Translocations
  2667 | D:4      | Reached skill level 5 in Transmutations
  2667 | D:4      | Reached skill level 5 in Fire Magic
  2667 | D:4      | Reached skill level 5 in Ice Magic
  2667 | D:4      | Reached skill level 5 in Air Magic
  2667 | D:4      | Reached skill level 5 in Earth Magic
  2667 | D:4      | Reached skill level 5 in Alchemy
  2667 | D:4      | Reached XP level 6. HP: 41/42 MP: 0/0
  2743 | D:4      | Reached skill level 2 in Fighting
  2856 | D:4      | Found a snail-covered altar of Cheibriados.
  2923 | D:4      | Found a staircase to the Ecumenical Temple.
  2932 | Temple   | Entered the Ecumenical Temple
  3064 | D:4      | Reached XP level 7. HP: 48/49 MP: 0/0
  3064 | D:4      | Learned a level 3 spell: Volatile Blastmotes
  3164 | D:5      | Entered Level 5 of the Dungeon
  3291 | D:5      | Reached skill level 3 in Fighting
  3300 | D:5      | Found a white marble altar of Elyvilon.
  3312 | D:5      | Became a worshipper of Elyvilon the Healer
  3500 | D:5      | Found a stormy altar of Qazlal.
  3541 | D:5      | Reached skill level 6 in Spellcasting
  3541 | D:5      | Reached skill level 6 in Conjurations
  3541 | D:5      | Reached skill level 6 in Hexes
  3541 | D:5      | Reached skill level 6 in Summonings
  3541 | D:5      | Reached skill level 6 in Necromancy
  3541 | D:5      | Reached skill level 6 in Translocations
  3541 | D:5      | Reached skill level 6 in Transmutations
  3541 | D:5      | Reached skill level 6 in Fire Magic
  3541 | D:5      | Reached skill level 6 in Ice Magic
  3541 | D:5      | Reached skill level 6 in Air Magic
  3541 | D:5      | Reached skill level 6 in Earth Magic
  3541 | D:5      | Reached skill level 6 in Alchemy
  3541 | D:5      | Found a transporter.
  3545 | D:5      | Reached * piety under Elyvilon
  3553 | D:5      | Found a transporter.
  3588 | D:5      | Noticed Chipwarrior's ghost (novice HOFi)
  3601 | D:5      | Reached XP level 8. HP: 57/58 MP: 0/0
  3728 | D:5      | Reached skill level 4 in Fighting
  3777 | D:5      | Found Buobyboe's Self-Published Books.
  4160 | D:6      | Reached skill level 7 in Spellcasting
  4160 | D:6      | Reached skill level 7 in Conjurations
  4160 | D:6      | Reached skill level 7 in Hexes
  4160 | D:6      | Reached skill level 7 in Summonings
  4160 | D:6      | Reached skill level 7 in Necromancy
  4160 | D:6      | Reached skill level 7 in Translocations
  4160 | D:6      | Reached skill level 7 in Transmutations
  4160 | D:6      | Reached skill level 7 in Fire Magic
  4160 | D:6      | Reached skill level 7 in Ice Magic
  4160 | D:6      | Reached skill level 7 in Air Magic
  4160 | D:6      | Reached skill level 7 in Earth Magic
  4160 | D:6      | Reached skill level 7 in Alchemy
  4305 | D:6      | Found an ornate altar of the Wu Jian Council.
  4310 | D:6      | Reached skill level 5 in Fighting
  4410 | D:6      | Reached XP level 9. HP: 65/65 MP: 0/0
  4410 | D:6      | Learned a level 3 spell: Inner Flame
  4653 | D:7      | Reached skill level 8 in Spellcasting
  4653 | D:7      | Reached skill level 8 in Conjurations
  4653 | D:7      | Reached skill level 8 in Hexes
  4653 | D:7      | Reached skill level 8 in Summonings
  4653 | D:7      | Reached skill level 8 in Necromancy
  4653 | D:7      | Reached skill level 8 in Translocations
  4653 | D:7      | Reached skill level 8 in Transmutations
  4653 | D:7      | Reached skill level 8 in Fire Magic
  4653 | D:7      | Reached skill level 8 in Ice Magic
  4653 | D:7      | Reached skill level 8 in Air Magic
  4653 | D:7      | Reached skill level 8 in Earth Magic
  4653 | D:7      | Reached skill level 8 in Alchemy
  4757 | D:7      | Reached ** piety under Elyvilon
  4806 | D:7      | Reached skill level 6 in Fighting
  4942 | D:7      | Noticed a gargoyle
  4951 | D:7      | Killed a gargoyle
  5107 | D:7      | Reached XP level 10. HP: 72/73 MP: 0/0
  5663 | D:8      | Noticed a centaur warrior
  5703 | D:8      | Found a burning altar of Makhleb.
  5705 | D:8      | Noticed a green death
  5719 | D:8      | Noticed a two-headed ogre
  5728 | D:8      | Killed a two-headed ogre
  5729 | D:8      | Reached skill level 7 in Fighting
  5729 | D:8      | Reached skill level 3 in Dodging
  5729 | D:8      | Reached skill level 2 in Stealth
  5729 | D:8      | Reached skill level 9 in Spellcasting
  5729 | D:8      | Reached skill level 9 in Conjurations
  5729 | D:8      | Reached skill level 9 in Hexes
  5729 | D:8      | Reached skill level 9 in Summonings
  5729 | D:8      | Reached skill level 9 in Necromancy
  5729 | D:8      | Reached skill level 9 in Translocations
  5729 | D:8      | Reached skill level 9 in Transmutations
  5729 | D:8      | Reached skill level 9 in Fire Magic
  5729 | D:8      | Reached skill level 9 in Ice Magic
  5729 | D:8      | Reached skill level 9 in Air Magic
  5729 | D:8      | Reached skill level 9 in Earth Magic
  5729 | D:8      | Reached skill level 9 in Alchemy
  5931 | D:8      | Reached *** piety under Elyvilon
  6108 | D:8      | Found a transporter.
  6110 | D:8      | Found the +2 pair of slick slippers {slick, slippery, EV+4}
  6112 | D:8      | Noticed a manticore
  6227 | D:8      | Found a staircase to the Lair.
  6284 | Lair:1   | Entered Level 1 of the Lair of Beasts
  6321 | Lair:1   | Noticed a cane toad
  6322 | Lair:1   | Noticed a cane toad
  6328 | Lair:1   | Killed a cane toad
  6329 | Lair:1   | Reached skill level 3 in Stealth
  6342 | Lair:1   | Reached skill level 4 in Dodging
  6346 | Lair:1   | Killed a cane toad
  6484 | Lair:1   | Noticed a cane toad
  6492 | Lair:1   | Killed a cane toad
  6493 | Lair:1   | Reached skill level 8 in Fighting
  6564 | Lair:1   | Reached skill level 4 in Stealth
  6569 | Lair:1   | Reached skill level 5 in Dodging
  6621 | Lair:1   | Noticed an elephant
  6628 | Lair:1   | Reached XP level 11. HP: 78/81 MP: 0/0
  6628 | Lair:1   | Learned a level 5 spell: Agonizing Touch
  6641 | Lair:1   | Noticed an elephant
  6649 | Lair:1   | Noticed an elephant
  6654 | Lair:1   | Killed an elephant
  6655 | Lair:1   | Reached skill level 5 in Stealth
  6716 | Lair:1   | Reached skill level 1 in Invocations
  6831 | Lair:1   | Reached skill level 9 in Fighting
  6831 | Lair:1   | Reached skill level 2 in Invocations
  6835 | Lair:1   | Reached **** piety under Elyvilon
  7029 | Lair:1   | Reached skill level 3 in Invocations
  7043 | Lair:1   | Noticed a skyshark
  7055 | Lair:1   | Killed a skyshark
  7056 | Lair:1   | Reached skill level 4 in Invocations
  7086 | Lair:1   | Identified 2 potions of resistance
  7150 | Lair:1   | Reached skill level 10 in Spellcasting
  7150 | Lair:1   | Reached skill level 10 in Conjurations
  7150 | Lair:1   | Reached skill level 10 in Hexes
  7150 | Lair:1   | Reached skill level 10 in Summonings
  7150 | Lair:1   | Reached skill level 10 in Necromancy
  7150 | Lair:1   | Reached skill level 10 in Translocations
  7150 | Lair:1   | Reached skill level 10 in Transmutations
  7150 | Lair:1   | Reached skill level 10 in Fire Magic
  7150 | Lair:1   | Reached skill level 10 in Ice Magic
  7150 | Lair:1   | Reached skill level 10 in Air Magic
  7150 | Lair:1   | Reached skill level 10 in Earth Magic
  7150 | Lair:1   | Reached skill level 10 in Alchemy
  7197 | Lair:1   | Reached skill level 5 in Invocations
  7276 | Lair:1   | Reached XP level 12. HP: 85/91 MP: 0/0
  7322 | Lair:1   | Reached skill level 6 in Invocations
  7927 | Lair:2   | Reached skill level 10 in Fighting
  8091 | Lair:2   | Noticed an eight-headed hydra
  8102 | Lair:2   | Killed an eight-headed hydra
  8103 | Lair:2   | Reached skill level 6 in Dodging
  8353 | Lair:2   | Reached skill level 7 in Invocations
  8353 | Lair:2   | Noticed Maggie
  8358 | Lair:2   | Killed Maggie
  8434 | Lair:2   | Noticed a seven-headed hydra
  8439 | Lair:2   | Killed a seven-headed hydra
  8561 | Lair:2   | Reached ***** piety under Elyvilon
  8625 | Lair:2   | Found a staircase to the Swamp.
  8789 | Lair:2   | You are sucked into a shaft and drop 1 floor!
  8807 | Lair:3   | Reached skill level 7 in Dodging
  8992 | Lair:3   | Reached XP level 13. HP: 88/98 MP: 0/0
  8992 | Lair:3   | Learned a level 5 spell: Arcjolt
  9029 | Lair:3   | Reached skill level 11 in Fighting
  9036 | Lair:3   | Reached skill level 8 in Invocations
  9360 | Lair:3   | Reached skill level 11 in Spellcasting
  9360 | Lair:3   | Reached skill level 11 in Conjurations
  9360 | Lair:3   | Reached skill level 11 in Hexes
  9360 | Lair:3   | Reached skill level 11 in Summonings
  9360 | Lair:3   | Reached skill level 11 in Necromancy
  9360 | Lair:3   | Reached skill level 11 in Translocations
  9360 | Lair:3   | Reached skill level 11 in Transmutations
  9360 | Lair:3   | Reached skill level 11 in Fire Magic
  9360 | Lair:3   | Reached skill level 11 in Ice Magic
  9360 | Lair:3   | Reached skill level 11 in Air Magic
  9360 | Lair:3   | Reached skill level 11 in Earth Magic
  9360 | Lair:3   | Reached skill level 11 in Alchemy
  9409 | Lair:3   | Found a staircase to the Snake Pit.
  9553 | Lair:4   | Reached skill level 8 in Dodging
 10282 | Lair:4   | Found a viscous altar of Jiyva.
 10283 | Lair:4   | Found a staircase to the Slime Pits.
 10680 | Lair:5   | Entered Level 5 of the Lair of Beasts
 10768 | Lair:5   | Noticed Rupert
 11195 | D:9      | Reached skill level 9 in Invocations
 11351 | D:9      | Found a sacrificial altar of Ru.
 11593 | D:10     | Entered Level 10 of the Dungeon
 11641 | D:10     | Found a staircase to the Orcish Mines.
 11702 | Orc:1    | Entered Level 1 of the Orcish Mines
 11710 | Orc:1    | Noticed Gastronok
 11789 | Orc:1    | Killed Gastronok
 11790 | Orc:1    | Reached skill level 9 in Dodging
 12337 | Orc:2    | Entered Level 2 of the Orcish Mines
 12467 | Orc:2    | Reached skill level 12 in Fighting
 12485 | Orc:2    | Reached skill level 1 in Evocations
 12485 | Orc:2    | Reached XP level 14. HP: 92/107 MP: 0/0
 12665 | Orc:2    | Reached skill level 2 in Evocations
 13005 | Orc:2    | Noticed an orc warlord
 13024 | Orc:2    | Killed an orc warlord
 13025 | Orc:2    | Reached skill level 3 in Evocations
 13029 | Orc:2    | HP: 9/108 [orc warrior/+0 battleaxe (27)]
 13267 | Orc:2    | Found a staircase to the Elven Halls.
 13272 | Orc:2    | Found Jicaiv's Book Boutique.
 13454 | Orc:2    | Found Birghid's Antique Weapon Boutique.
 13455 | Orc:2    | Found Gerchiov's Antique Armour Shop.
 13657 | Orc:2    | Found Neapua Jesh's Antique Armour Shoppe.
 13941 | Orc:2    | Bought an embroidered cloak for 210 gold pieces
 13941 | Orc:2    | Bought a twisted buckler for 266 gold pieces
 13941 | Orc:2    | Identified the +0 buckler "Otugrumna" {+Blink rF- Dex+2}
                  | (You bought it in a shop on level 2 of the Orcish Mines)
 13999 | Orc:2    | Bought a runed leather armour for 170 gold pieces
 13999 | Orc:2    | Bought a shiny helmet for 255 gold pieces
 14195 | D:10     | Found a glowing silver altar of Zin.
 14205 | D:10     | Found a basalt altar of Yredelemnul.
 14208 | D:10     | Found a glowing golden altar of the Shining One.
 14211 | D:10     | Found a sparkling altar of Nemelex Xobeh.
 14250 | D:10     | Found a shadowy altar of Dithmenos.
 14375 | D:10     | Identified the +3 leather armour of Mutualism {Rampage
                  | Stlth+}
 14427 | D:10     | Reached skill level 4 in Evocations
 14827 | D:11     | Reached ****** piety under Elyvilon
 15002 | D:11     | Found a runed translucent door.
 15447 | D:12     | Reached skill level 10 in Dodging
 15447 | D:12     | Reached skill level 12 in Spellcasting
 15447 | D:12     | Reached skill level 12 in Conjurations
 15447 | D:12     | Reached skill level 12 in Hexes
 15447 | D:12     | Reached skill level 12 in Summonings
 15447 | D:12     | Reached skill level 12 in Necromancy
 15447 | D:12     | Reached skill level 12 in Translocations
 15447 | D:12     | Reached skill level 12 in Transmutations
 15447 | D:12     | Reached skill level 12 in Fire Magic
 15447 | D:12     | Reached skill level 12 in Ice Magic
 15447 | D:12     | Reached skill level 12 in Air Magic
 15447 | D:12     | Reached skill level 12 in Earth Magic
 15447 | D:12     | Reached skill level 12 in Alchemy
 15447 | D:12     | Reached skill level 10 in Invocations
 15840 | D:10     | Reached skill level 5 in Evocations
 16103 | D:5      | Killed Chipwarrior's ghost
 16351 | Lair:5   | Reached skill level 1 in Shields
 16386 | Lair:5   | Reached skill level 13 in Fighting
 16470 | Lair:5   | Killed Rupert
 16471 | Lair:5   | Reached skill level 2 in Shields
 16471 | Lair:5   | Reached XP level 15. HP: 88/114 MP: 0/0
 16471 | Lair:5   | Learned a level 6 spell: Sculpt Simulacrum
 16632 | Lair:5   | Reached skill level 1 in Armour
 16648 | Lair:5   | Reached skill level 3 in Shields
 16927 | Lair:5   | Reached skill level 15 in Transmutations
 16927 | Lair:5   | Reached skill level 17 in Alchemy
 16927 | Lair:5   | Upgraded the game from 0.31-a0-1265-gaa4636e842 to
                  | 0.32-a0-17-gb74e046682
 16933 | Lair:5   | Upgraded the game from 0.32-a0-17-gb74e046682 to
                  | 0.32-a0-18-g89e19f1974
 17259 | Lair:5   | Reached skill level 2 in Armour
 17264 | Lair:5   | Reached skill level 4 in Shields
 17347 | Lair:5   | Identified the +3 falchion of Immorality {heavy, rElec rF+
                  | rN++ Str-3}
 17696 | Lair:5   | Reached skill level 5 in Shields
 17720 | Lair:5   | Found a corrupted altar of Lugonu.
 17720 | Lair:5   | Found a one-way gate to the infinite horrors of the Abyss.
 18133 | D:13     | Reached skill level 3 in Armour
 18449 | D:13     | Reached skill level 11 in Dodging
 18563 | D:13     | Reached XP level 16. HP: 76/121 MP: 0/0
 18563 | D:13     | Learned a level 5 spell: Agonizing Touch
 18651 | D:13     | Found a gate to the Vaults.
 18714 | D:13     | Noticed Jorgrun
 19192 | D:13     | Reached skill level 11 in Invocations
 19194 | D:13     | Reached skill level 4 in Armour
 19662 | D:14     | Reached skill level 13 in Spellcasting
 19662 | D:14     | Reached skill level 13 in Conjurations
 19662 | D:14     | Reached skill level 13 in Hexes
 19662 | D:14     | Reached skill level 13 in Summonings
 19662 | D:14     | Reached skill level 13 in Necromancy
 19662 | D:14     | Reached skill level 13 in Translocations
 19662 | D:14     | Reached skill level 13 in Fire Magic
 19662 | D:14     | Reached skill level 13 in Ice Magic
 19662 | D:14     | Reached skill level 13 in Air Magic
 19662 | D:14     | Reached skill level 13 in Earth Magic
 20164 | D:14     | Noticed Louise
 20264 | D:14     | Found a sparkling altar of Nemelex Xobeh.
 20439 | D:15     | Entered Level 15 of the Dungeon
 21321 | D:15     | Reached skill level 5 in Armour
 21343 | D:15     | Found a staircase to the Depths.
 21697 | D:8      | Found a transporter.
 21714 | D:8      | Reached skill level 14 in Fighting
 22298 | D:11     | Identified a scarf of resistance
 22476 | Swamp:1  | Entered Level 1 of the Swamp
 22476 | Swamp:1  | Noticed Mlioglotl
 22708 | Swamp:1  | Noticed Kirke
 22714 | Swamp:1  | Killed Kirke
 22783 | Swamp:1  | Was placed under penance by Elyvilon
 22847 | Swamp:1  | Reached skill level 12 in Dodging
 22963 | Swamp:1  | Reached skill level 18 in Alchemy
 23078 | Swamp:1  | Noticed Donald
 23243 | Swamp:1  | Was forgiven by Elyvilon
 23385 | Swamp:2  | Identified a scroll of acquirement
 23412 | Swamp:2  | Reached XP level 17. HP: 47/129 MP: 0/0
 23412 | Swamp:2  | Learned a level 5 spell: Agonizing Touch
 23412 | Swamp:2  | Learned a level 6 spell: Plasma Beam
 23416 | Swamp:2  | HP: 6/129 [will-o-the-wisp (8)]
 23755 | Swamp:2  | Reached skill level 12 in Invocations
 23881 | Swamp:2  | Reached skill level 14 in Spellcasting
 23881 | Swamp:2  | Reached skill level 14 in Conjurations
 23881 | Swamp:2  | Reached skill level 14 in Hexes
 23881 | Swamp:2  | Reached skill level 14 in Summonings
 23881 | Swamp:2  | Reached skill level 14 in Necromancy
 23881 | Swamp:2  | Reached skill level 14 in Translocations
 23881 | Swamp:2  | Reached skill level 14 in Fire Magic
 23881 | Swamp:2  | Reached skill level 14 in Ice Magic
 23881 | Swamp:2  | Reached skill level 14 in Air Magic
 23881 | Swamp:2  | Reached skill level 14 in Earth Magic
 23900 | Swamp:2  | Identified a potion of experience
 23901 | Swamp:2  | Reached XP level 18. HP: 136/136 MP: 0/0
 24268 | Swamp:3  | Noticed a tentacled monstrosity
 24368 | Swamp:3  | Killed a tentacled monstrosity
 24461 | Swamp:3  | Identified the +1 ring mail of Ubiquitous Mirth {rPois
                  | Int+2 Stlth+}
 24667 | Swamp:3  | Reached skill level 13 in Dodging
 25059 | Swamp:4  | Entered Level 4 of the Swamp
 25201 | Swamp:4  | Noticed Bai Suzhen
 25241 | Swamp:4  | Reached skill level 15 in Fighting
 25684 | Swamp:4  | Reached skill level 6 in Armour
 25728 | Swamp:4  | Found a blossoming altar of Fedhas.
 25742 | Swamp:4  | Reached skill level 13 in Invocations
 25830 | Swamp:4  | Found a basalt altar of Yredelemnul.
 25847 | Swamp:4  | Got a decaying rune of Zot
 25868 | Swamp:4  | Reached XP level 19. HP: 133/143 MP: 0/0
 25868 | Swamp:4  | Learned a level 7 spell: Malign Gateway
 25870 | Swamp:4  | Reached skill level 15 in Spellcasting
 25870 | Swamp:4  | Reached skill level 15 in Conjurations
 25870 | Swamp:4  | Reached skill level 15 in Hexes
 25870 | Swamp:4  | Reached skill level 15 in Summonings
 25870 | Swamp:4  | Reached skill level 15 in Necromancy
 25870 | Swamp:4  | Reached skill level 15 in Translocations
 25870 | Swamp:4  | Reached skill level 15 in Fire Magic
 25870 | Swamp:4  | Reached skill level 15 in Ice Magic
 25870 | Swamp:4  | Reached skill level 15 in Air Magic
 25870 | Swamp:4  | Reached skill level 15 in Earth Magic
 26148 | Swamp:1  | Killed Donald
 26404 | Snake:1  | Entered Level 1 of the Snake Pit
 26495 | Snake:1  | Found Mihud's Tiny Tomes.
 26597 | Snake:1  | Reached skill level 19 in Alchemy
 26950 | Snake:2  | Reached skill level 1 in Throwing
 26990 | Snake:2  | Noticed Vashnia
 26996 | Snake:2  | Killed Vashnia
 27182 | Snake:2  | Found a glacial archway.
 27198 | IceCv    | Entered an ice cave
 27220 | IceCv    | Reached skill level 2 in Throwing
 27352 | IceCv    | Reached skill level 7 in Armour
 27389 | IceCv    | Identified the +8 glaive of Debt {spect, Int+3}
 27668 | IceCv    | Identified the amulet of Nits {Reflect ^Fragile rPois Str+7
                  | SH+5}
 27672 | IceCv    | Identified the ring of Life {Fire *Slow rN+ Int+3 Dex+4}
 27728 | IceCv    | Identified a scarf of resistance
 27801 | Snake:2  | Reached skill level 14 in Dodging
 29153 | Snake:3  | Reached skill level 3 in Throwing
 30096 | Snake:3  | Found Ufarhuun's Weapon Shoppe.
 30513 | Snake:4  | Entered Level 4 of the Snake Pit
 30749 | Snake:4  | Reached XP level 20. HP: 118/151 MP: 0/0
 31532 | Snake:4  | Reached skill level 8 in Armour
 31549 | Snake:4  | Reached skill level 16 in Fighting
 31634 | Snake:4  | Reached skill level 4 in Throwing
 32358 | Snake:4  | Reached skill level 14 in Invocations
 34205 | Snake:4  | Got a serpentine rune of Zot
 34466 | Lair:2   | Killed Mlioglotl
 34686 | D:13     | Killed Jorgrun
 34687 | D:13     | Reached skill level 16 in Spellcasting
 34687 | D:13     | Reached skill level 16 in Conjurations
 34687 | D:13     | Reached skill level 16 in Hexes
 34687 | D:13     | Reached skill level 16 in Summonings
 34687 | D:13     | Reached skill level 16 in Necromancy
 34687 | D:13     | Reached skill level 16 in Translocations
 34687 | D:13     | Reached skill level 16 in Fire Magic
 34687 | D:13     | Reached skill level 16 in Ice Magic
 34687 | D:13     | Reached skill level 16 in Air Magic
 34687 | D:13     | Reached skill level 16 in Earth Magic
 34866 | D:14     | Found a sparkling altar of Nemelex Xobeh.
 34936 | D:14     | Killed Louise
 35084 | Elf:1    | Entered Level 1 of the Elven Halls
 35196 | Elf:1    | Identified the +2 chain mail of Liberty {Rampage Int+2}
 35205 | Elf:1    | Identified the ring of Kiof {Ice +Blink rCorr}
 35956 | Elf:1    | Reached skill level 5 in Throwing
 35964 | Elf:1    | Reached skill level 15 in Dodging
 35964 | Elf:1    | Reached skill level 6 in Shields
 36156 | Elf:1    | Reached skill level 9 in Armour
 36673 | Elf:2    | Reached XP level 21. HP: 142/158 MP: 0/0
 36673 | Elf:2    | Learned a level 7 spell: Orb of Destruction
 37327 | Elf:2    | Found a runed translucent gate.
 37327 | Elf:2    | Found a runed translucent gate.
 37329 | Elf:2    | Found a runed translucent gate.
 37330 | Elf:2    | Noticed seren's ghost (adept DrSh)
 38069 | Elf:2    | Found Egior's Jewellery Shoppe.
 38222 | Elf:2    | Found a runed translucent gate.
 38222 | Elf:2    | Found a runed translucent gate.
 38222 | Elf:2    | Found a runed translucent gate.
 38232 | Elf:2    | Reached skill level 20 in Alchemy
 38308 | Elf:2    | Killed seren's ghost
 38458 | Elf:3    | Entered Level 3 of the Elven Halls
 39635 | Elf:3    | Reached skill level 7 in Shields
 40621 | Elf:3    | Identified the +6 short sword "Sarcophage" {pain, *Noise
                  | Will+ Dex+2}
 40879 | Elf:3    | Identified +1 pearl dragon scales
 41030 | Elf:3    | Identified the ring "Avafuneir" {^Drain rElec rF+ Slay+4}
 41055 | Elf:3    | Identified the +3 hand axe of Ikhees {flame, rElec Dex+3}
 41374 | Elf:3    | Noticed a Brimstone Fiend
 41385 | Elf:3    | Reached skill level 15 in Invocations
 41564 | Elf:3    | Identified the +2 short sword "Arugha" {flame, rElec Will+
                  | Dex-2 SInv}
 41616 | Elf:3    | Identified the +0 ring mail "Gatoc" {rElec Int+3}
 42194 | Vaults:1 | Entered Level 1 of the Vaults
 42512 | Vaults:1 | Reached skill level 17 in Fighting
 42918 | Vaults:1 | Reached skill level 17 in Spellcasting
 42918 | Vaults:1 | Reached skill level 17 in Conjurations
 42918 | Vaults:1 | Reached skill level 17 in Hexes
 42918 | Vaults:1 | Reached skill level 17 in Summonings
 42918 | Vaults:1 | Reached skill level 17 in Necromancy
 42918 | Vaults:1 | Reached skill level 17 in Translocations
 42918 | Vaults:1 | Reached skill level 17 in Fire Magic
 42918 | Vaults:1 | Reached skill level 17 in Ice Magic
 42918 | Vaults:1 | Reached skill level 17 in Air Magic
 42918 | Vaults:1 | Reached skill level 17 in Earth Magic
 43022 | Vaults:1 | Reached XP level 22. HP: 132/166 MP: 0/0
 43230 | Vaults:1 | Reached skill level 8 in Shields
 43537 | Vaults:1 | Found Bott's Book Boutique.
 43566 | Vaults:1 | Reached skill level 16 in Dodging
 44635 | Vaults:1 | Noticed Saint Roka
 44641 | Vaults:1 | Killed Saint Roka
 45153 | Vaults:1 | Identified the staff of Extremism {Str+2 Earth}
 45162 | Vaults:1 | Identified the +0 pair of gloves of Beogh's Regard {rPois
                  | Will++}
 45195 | Vaults:1 | Identified the +10 short sword "Teicrije" {flame, rF++ rC+}
 45309 | Vaults:2 | Found a staircase to the Crypt.
 45411 | Vaults:2 | Reached skill level 9 in Shields
 45432 | Vaults:2 | Found a crumbling gateway.
 45540 | Desolati | Entered the Desolation of Salt
 45591 | Desolati | Identified the ring "Loto" {rF++ Int+6 Dex+3 Stlth+}
 45598 | Desolati | HP: 5/167 [ragged hierophant/a resonance strike (17)]
 45606 | Desolati | Reached skill level 21 in Alchemy
 46106 | Desolati | Identified the +0 ring mail "Ulaxzyma" {rCorr Str+3 Int-4}
 46117 | Desolati | Identified the +8 hand axe of the Lair of Beasts {freeze,
                  | +Blink rElec Int-3 Stlth+}
 46147 | Desolati | Identified the ring of Mowozxepix {Str+2 SInv}
 46164 | Desolati | Identified the ring of Jucuk {rCorr Str+6 Slay-3 SInv
                  | Stlth+}
 46276 | Desolati | Found the +7 captain's cutlass {speed, disarm}
 46937 | Desolati | Identified the ring "Nigaist" {rC+ rCorr Int+6 Dex+6
                  | Slay+2}
 47212 | Vaults:2 | Reached XP level 23. HP: 165/175 MP: 0/0
 47212 | Vaults:2 | Learned a level 7 spell: Spellforged Servitor
 47218 | Vaults:2 | Reached skill level 17 in Dodging
 47218 | Vaults:2 | Reached skill level 18 in Spellcasting
 47218 | Vaults:2 | Reached skill level 18 in Conjurations
 47218 | Vaults:2 | Reached skill level 18 in Hexes
 47218 | Vaults:2 | Reached skill level 18 in Summonings
 47218 | Vaults:2 | Reached skill level 18 in Necromancy
 47218 | Vaults:2 | Reached skill level 18 in Translocations
 47218 | Vaults:2 | Reached skill level 18 in Fire Magic
 47218 | Vaults:2 | Reached skill level 18 in Ice Magic
 47218 | Vaults:2 | Reached skill level 18 in Air Magic
 47218 | Vaults:2 | Reached skill level 18 in Earth Magic
 47516 | Vaults:2 | Reached skill level 18 in Fighting
 47819 | Vaults:2 | You are sucked into a shaft and drop 2 floors!
 48072 | Vaults:4 | Identified the +4 hat of Refuge {^Drain Int+5}
 48169 | Vaults:4 | Identified the +0 hat of Mumblety Peg {rElec}
 48171 | Vaults:4 | Identified the +1 hat of Yredelemnul's Approval {^Drain
                  | +Blink rN+}
 48250 | Vaults:4 | Noticed Norris
 48255 | Vaults:4 | Killed Norris
 49725 | Vaults:4 | Reached skill level 10 in Armour
 50949 | Vaults:2 | Found Terone's Assorted Antiques.
 51018 | Vaults:2 | Bought a scroll of teleportation for 129 gold pieces
 51018 | Vaults:2 | Bought a scroll of teleportation for 129 gold pieces
 51100 | Vaults:2 | Noticed Sojobo
 51103 | Vaults:2 | Killed Sojobo
 51116 | Vaults:2 | Reached XP level 24. HP: 135/183 MP: 0/0
 51611 | Vaults:2 | Reached skill level 18 in Dodging
 52431 | Vaults:3 | Reached skill level 22 in Alchemy
 52435 | Vaults:3 | Reached skill level 19 in Spellcasting
 52435 | Vaults:3 | Reached skill level 19 in Conjurations
 52435 | Vaults:3 | Reached skill level 19 in Hexes
 52435 | Vaults:3 | Reached skill level 19 in Summonings
 52435 | Vaults:3 | Reached skill level 19 in Necromancy
 52435 | Vaults:3 | Reached skill level 19 in Translocations
 52435 | Vaults:3 | Reached skill level 19 in Fire Magic
 52435 | Vaults:3 | Reached skill level 19 in Ice Magic
 52435 | Vaults:3 | Reached skill level 19 in Air Magic
 52435 | Vaults:3 | Reached skill level 19 in Earth Magic
 53171 | Vaults:3 | Reached skill level 11 in Armour
 54030 | Orc:2    | Upgraded the game from 0.32-a0-18-g89e19f1974 to
                  | 0.32-a0-19-g28bc0835a1
 54257 | Snake:2  | Acquired a manual of Earth Magic
 54422 | Swamp:4  | Killed Bai Suzhen
 54949 | Depths:1 | Entered Level 1 of the Depths
 54961 | Depths:1 | You are sucked into a shaft and drop 1 floor!
 54969 | Depths:2 | Reached skill level 19 in Fighting
 55015 | Depths:2 | Noticed a golden dragon
 55217 | Depths:2 | Found a one-way gate leading to the halls of Pandemonium.
 55284 | Depths:2 | Killed a golden dragon
 55362 | Depths:2 | Found a transporter.
 55412 | Depths:2 | Noticed Nikola
 55419 | Depths:2 | Killed Nikola
 56042 | Depths:2 | Noticed Vv
 56051 | Depths:2 | Killed Vv
 56570 | Depths:2 | Found a transporter.
 56570 | Depths:2 | Found a viscous altar of Jiyva.
 56613 | Depths:2 | Found a gateway to Hell.
 56808 | Depths:2 | Found a one-way gateway to a ziggurat.
 57399 | Depths:2 | Reached XP level 25. HP: 158/191 MP: 0/0
 57399 | Depths:2 | Learned a level 5 spell: Agonizing Touch
 57399 | Depths:2 | Learned a level 8 spell: Maxwell's Capacitive Coupling
 57547 | Depths:1 | Reached skill level 20 in Earth Magic
 57918 | Depths:1 | Reached skill level 12 in Armour
 57945 | Depths:1 | Reached skill level 6 in Evocations
 58305 | Depths:1 | Found Muhumum's Overcharged Wands.
 58311 | Depths:1 | Found Foizonof's General Store.
 58313 | Depths:1 | Bought a wand of digging (11) for 693 gold pieces
 58319 | Depths:1 | Bought a scroll of fog for 88 gold pieces
 58319 | Depths:1 | Bought a scroll of teleportation for 66 gold pieces
 58319 | Depths:1 | Bought a potion of heal wounds for 110 gold pieces
 58319 | Depths:1 | Bought a scroll of teleportation for 66 gold pieces
 59170 | Depths:1 | Reached skill level 19 in Dodging
 60276 | Depths:3 | Reached skill level 7 in Evocations
 60906 | Depths:3 | Found a runed translucent gate.
 60906 | Depths:3 | Found a runed translucent gate.
 60906 | Depths:3 | Found a runed translucent gate.
 60906 | Depths:3 | Found a runed translucent gate.
 60906 | Depths:3 | Found a runed translucent gate.
 60906 | Depths:3 | Found a runed translucent gate.
 60906 | Depths:3 | Found the +2 Maxwell's thermic engine {flame, freeze, rev}
 61223 | Depths:4 | Entered Level 4 of the Depths
 61255 | Depths:4 | Found a shimmering altar of Xom.
 61783 | Depths:4 | Reached skill level 20 in Spellcasting
 61783 | Depths:4 | Reached skill level 20 in Conjurations
 61783 | Depths:4 | Reached skill level 20 in Hexes
 61783 | Depths:4 | Reached skill level 20 in Summonings
 61783 | Depths:4 | Reached skill level 20 in Necromancy
 61783 | Depths:4 | Reached skill level 20 in Translocations
 61783 | Depths:4 | Reached skill level 20 in Fire Magic
 61783 | Depths:4 | Reached skill level 20 in Ice Magic
 61783 | Depths:4 | Reached skill level 20 in Air Magic
 61792 | Depths:4 | Reached skill level 8 in Evocations
 62330 | Depths:4 | Reached XP level 26. HP: 191/199 MP: 0/0
 62330 | Depths:4 | Learned a level 5 spell: Agonizing Touch
 62546 | Depths:4 | Reached skill level 21 in Earth Magic
 62640 | Depths:4 | Found Netroex's Magic Scroll Emporium.
 62648 | Depths:4 | Bought a scroll of fog for 52 gold pieces
 62648 | Depths:4 | Bought a scroll of summoning for 123 gold pieces
 62648 | Depths:4 | Bought a scroll of revelation for 97 gold pieces
 62689 | Depths:4 | Found a gate to the Realm of Zot.
 64034 | Vaults:4 | You are sucked into a shaft and drop 1 floor!
 64034 | Vaults:5 | Entered Level 5 of the Vaults
 64225 | Vaults:5 | Reached skill level 23 in Alchemy
 64239 | Vaults:5 | Reached skill level 20 in Fighting
 64254 | Vaults:5 | Reached skill level 9 in Evocations
 64541 | Vaults:5 | Identified the -1 cloak of Incorporation {rC++ Str+2 Dex-3
                  | Stlth+}
 64546 | Vaults:5 | Reached skill level 16 in Invocations
 64720 | Vaults:5 | Identified the +8 short sword "Vomeixol" {freeze, ^Drain
                  | rC- Dex+7}
 64720 | Vaults:5 | Identified the amulet "Joynif" {RegenMP rN++ Dex-5}
 64730 | Vaults:5 | Identified the +4 eveningstar "Ycyel" {spect, *Rage rPois
                  | Int+2}
 64730 | Vaults:5 | Identified the ring of Otoq {rPois rC+ Int+3}
 64868 | Vaults:5 | Reached skill level 6 in Stealth
 64871 | Vaults:5 | Identified the +11 quarterstaff of Edoneox {protect, rElec
                  | rPois MP-9 Int+2}
 64873 | Vaults:5 | Reached skill level 20 in Dodging
 64904 | Vaults:5 | Reached skill level 22 in Earth Magic
 64919 | Vaults:5 | Identified the +4 falchion of Fear {flame, Str+3 Stlth+}
 65117 | Vaults:5 | Reached XP level 27. HP: 194/207 MP: 0/0
 65117 | Vaults:5 | Learned a level 9 spell: Death's Door
 65142 | Vaults:5 | Reached skill level 7 in Stealth
 65257 | Vaults:5 | Identified the amulet "Apronocu" {Regen+ Str+5}
 65403 | Vaults:5 | Identified the ring "Idghy" {rN+ Str+4 Int+3 Dex+4 Slay+2}
 65618 | Vaults:5 | Got a silver rune of Zot
 66041 | Vaults:5 | Identified the +0 kite shield of Discretion {rF+++ Will-
                  | Str+4}
 66548 | Zot:1    | Entered Level 1 of the Realm of Zot
 66697 | Zot:1    | Reached skill level 21 in Spellcasting
 66697 | Zot:1    | Reached skill level 21 in Conjurations
 66697 | Zot:1    | Reached skill level 21 in Hexes
 66697 | Zot:1    | Reached skill level 21 in Summonings
 66697 | Zot:1    | Reached skill level 21 in Necromancy
 66697 | Zot:1    | Reached skill level 21 in Translocations
 66697 | Zot:1    | Reached skill level 21 in Fire Magic
 66697 | Zot:1    | Reached skill level 21 in Ice Magic
 66697 | Zot:1    | Reached skill level 21 in Air Magic
 66761 | Zot:1    | Reached skill level 8 in Stealth
 67182 | Orc:2    | Bought a shiny kite shield for 255 gold pieces
 67521 | Zot:1    | Noticed an electric golem
 67527 | Zot:1    | Killed an electric golem
 68190 | Zot:1    | Identified the +6 spear of Luxury {holy, Fly Int+4}
 68373 | Zot:2    | Noticed a curse toe
 68377 | Zot:2    | Killed a curse toe
 68545 | Zot:2    | Reached skill level 23 in Earth Magic
 68656 | Zot:2    | Found a transporter.
 68657 | Zot:2    | Noticed a Killer Klown
 68659 | Zot:2    | Noticed a curse toe
 68668 | Zot:2    | Found a transporter.
 68668 | Zot:2    | Found the +6 Majin-Bo {spellvamp, MP+6 Int+6}
 68833 | Zot:2    | Found a runed translucent door.
 68834 | Zot:2    | Noticed Yngi's ghost (legendary MiFi)
 68835 | Zot:2    | Found a shimmering altar of Xom.
 68835 | Zot:2    | Identified the +4 halberd "Issir" {chaos, rC+ Stlth+}
 69151 | Zot:3    | Reached skill level 9 in Stealth
 69171 | Zot:3    | Noticed a curse toe
 69175 | Zot:3    | Noticed an orb of fire
 69179 | Zot:3    | Killed a curse toe
 69517 | Zot:3    | Found a transporter.
 69530 | Zot:3    | Noticed Emnejil's ghost (master VSBe)
 69532 | Zot:3    | Noticed Tymue's ghost (legendary FoFi)
 69699 | Zot:3    | Found a transporter.
 69705 | Zot:3    | Reached skill level 24 in Alchemy
 69788 | Zot:3    | Identified the ring of Vayquu {*Slow rPois rCorr Str+6
                  | Dex+7 SInv}
 70004 | Zot:3    | Reached skill level 17 in Invocations
 70378 | Zot:3    | Reached skill level 21 in Fighting
 70445 | Zot:4    | Reached skill level 10 in Stealth
 70681 | Zot:4    | Reached skill level 21 in Dodging
 71248 | Zot:4    | Reached skill level 24 in Earth Magic
 71421 | Zot:5    | Entered Level 5 of the Realm of Zot
 71565 | Zot:5    | Found Qexzacusy's CLEARANCE SALE!.
 71573 | Zot:5    | Bought a potion of heal wounds for 30 gold pieces
 71680 | Zot:5    | Reached skill level 11 in Stealth
 71758 | Zot:5    | Noticed an orb of fire
 71762 | Zot:5    | Killed an orb of fire
 71852 | Zot:5    | Noticed a Killer Klown
 71859 | Zot:5    | Noticed a Killer Klown
 71860 | Zot:5    | Killed a Killer Klown
 71864 | Zot:5    | Killed a Killer Klown
 71880 | Zot:5    | Noticed a Killer Klown
 71884 | Zot:5    | Noticed a Killer Klown
 71884 | Zot:5    | Noticed a Killer Klown
 71885 | Zot:5    | Noticed an orb of fire
 71889 | Zot:5    | Killed a Killer Klown
 71890 | Zot:5    | Reached skill level 22 in Spellcasting
 71890 | Zot:5    | Reached skill level 22 in Conjurations
 71890 | Zot:5    | Reached skill level 22 in Hexes
 71890 | Zot:5    | Reached skill level 22 in Summonings
 71890 | Zot:5    | Reached skill level 22 in Necromancy
 71890 | Zot:5    | Reached skill level 22 in Translocations
 71890 | Zot:5    | Reached skill level 22 in Fire Magic
 71890 | Zot:5    | Reached skill level 22 in Ice Magic
 71890 | Zot:5    | Reached skill level 22 in Air Magic
 71892 | Zot:5    | Noticed a dread lich
 71893 | Zot:5    | HP: 19/209 [Killer Klown/klown pie (49)]
 72179 | Zot:5    | Noticed an electric golem
 72179 | Zot:5    | Noticed a Killer Klown
 72180 | Zot:5    | Noticed an electric golem
 72180 | Zot:5    | Noticed a Killer Klown
 72184 | Zot:5    | Noticed a dread lich
 72188 | Zot:5    | Killed a Killer Klown
 72198 | Zot:5    | Noticed a Killer Klown
 72198 | Zot:5    | Noticed a Killer Klown
 72200 | Zot:5    | Killed an electric golem
 72204 | Zot:5    | Noticed a dread lich
 72230 | Zot:5    | Gained mutation: You are dopey. (Int -2) [an orb of fire]
 72355 | Zot:5    | Killed an orb of fire
 72369 | Zot:5    | Killed a Killer Klown
 72424 | Zot:5    | Killed a Killer Klown
 72431 | Zot:5    | Killed a Killer Klown
 72486 | Zot:4    | Killed a dread lich
 72487 | Zot:4    | Reached skill level 12 in Stealth
 72536 | Zot:5    | Killed a dread lich
 72556 | Zot:5    | Killed a Killer Klown
 72600 | Zot:5    | Killed a Killer Klown
 72748 | Zot:5    | Identified the blade talisman "Ihyilal" {rF+ Int+7}
 72760 | Zot:5    | Killed a dread lich
 72771 | Zot:5    | Killed an electric golem
 72772 | Zot:5    | Reached skill level 25 in Earth Magic
 72827 | Zot:5    | Reached skill level 18 in Invocations
 73130 | Zot:5    | Got the Orb of Zot
 73733 | D:3      | Reached skill level 25 in Alchemy
 73780 | D:$      | Escaped with the Orb!

Vanquished Creatures
  3 dread liches
  2 orbs of fire (Zot:5)
  Sojobo (Vaults:2)
  Vv (Depths:2)
  8 Killer Klowns (Zot:5)
  Saint Roka (Vaults:1)
  Vashnia (Snake:2)
  2 curse toes
  Nikola (Depths:2)
  9 golden dragons
  The ghost of seren the Metamorph, an adept DrSh of Nemelex Xobeh (Elf:2)
  A bone dragon (Depths:4)
  2 electric golems
  An Ice Fiend (D:3)
  18 tentacled monstrosities
  Jorgrun (D:13)
  Rupert (Lair:5)
  27 Orb Guardians
  Mlioglotl (Lair:2)
  6 liches
  A walking earthen tome (Depths:4)
  3 quicksilver dragons
  5 titans (Vaults:5)
  A deep elf blademaster (Elf:3)
  3 deep elf master archers (Elf:3)
  Kirke (Swamp:1)
  8 sphinxes
  A thorn hunter (Swamp:4)
  Gastronok (Orc:1)
  13 shadow dragons
  11 death cobs
  Donald (Swamp:1)
  8 tengu reavers
  3 nagarajas
  12 storm dragons
  4 protean progenitors
  5 draconian monks
  8 fire giants
  7 draconian knights
  A balrug (D:12)
  4 draconian shifters
  Louise (D:14)
  6 deep elf sorcerers
  6 frost giants
  7 draconian scorchers
  2 imperial myrmidons (Desolation)
  A reaper (Depths:1)
  2 ghost moths
  14 vault wardens
  4 deep elf elementalists
  A draconian stormcaller (Zot:5)
  24 ironbound preservers
  2 ghouls (Swamp:4)
  2 orc warlords
  4 draconian annihilators
  20 stone giants
  3 formless jellyfish
  15 green draconians
  4 vampire knights
  18 very ugly things
  6 ironbound thunderhulks
  5 yellow draconians
  8 deep elf death magi
  5 black draconians
  8 deep elf demonologists
  A lorocyproca (Depths:2)
  A juggernaut skeleton (Depths:3)
  6 war gargoyles
  2 eleionomae
  A halazid warlock (Desolation)
  10 deep elf annihilators
  17 dire elephants
  6 red draconians
  4 spark wasps
  5 bunyips
  6 purple draconians
  12 white draconians
  2 blizzard demons
  14 yaktaur captains
  A crystal guardian (Desolation)
  6 shambling mangroves
  7 ragged hierophants (Desolation)
  8 deep elf high priests
  3 entropy weavers
  15 ettins
  9 fire dragons
  4 rakshasas
  A hell beast (Depths:4)
  7 ice dragons
  5 salamander tyrants
  7 peacekeepers
  6 great orbs of eyes
  A jorogumo (Zot:3)
  12 hydras
  2 servants of whispers (Desolation)
  38 vault guards
  13 alligators
  A radroach (Zot:3)
  3 spriggan air magi
  2 death knights
  9 ironbound frosthearts
  6 centaur warriors
  3 ghost crabs
  A catoblepas (Lair:5)
  3 ogre magi (Vaults:5)
  A boulder beetle (shapeshifter) (Vaults:5)
  13 anacondas
  A two-headed ogre (shapeshifter) (Elf:1)
  2 boulder beetles
  13 dancing weapons
  12 deep troll earth magi
  5 two-headed ogres
  2 thrashing horrors (Lair:5)
  6 deep troll shamans
  15 naga warriors
  3 spriggan berserkers
  4 hell hogs (D:8)
  4 tengu warriors
  9 naga sharpshooters
  A vampire mage (Depths:3)
  9 hell knights
  An occultist (Depths:2)
  13 shock serpents
  2 orc high priests
  5 sun demons
  A death drake (shapeshifter) (Elf:3)
  11 deep elf knights
  5 skysharks
  7 iron trolls
  3 goliath frogs
  5 mana vipers
  10 salamander mystics
  A flayed ghost (Depths:3)
  A skeletal warrior (D:14)
  2 glowing orange brains
  6 arcanists
  5 spriggan druids
  An obsidian statue (Depths:1)
  83 deep trolls
  8 swamp dragons
  7 naga ritualists
  13 deep elf archers
  2 mana vipers (shapeshifter)
  A bog body (Swamp:3)
  22 ironbound convokers
  11 lindwurms
  An orange crystal statue (IceCv)
  2 spectral hydras (Swamp:4)
  8 orc knights
  2 large abominations (Lair:5)
  10 phantasmal warriors
  22 deep elf pyromancers
  A golden dragon skeleton (Depths:3)
  A lindwurm (shapeshifter) (Vaults:5)
  22 deep elf zephyrmancers
  9 harpies
  23 salamanders
  5 necromancers
  3 cyclopes
  7 manticores
  2 orc sorcerers
  A faun (shapeshifter) (Depths:1)
  23 ugly things
  5 will-o-the-wisps
  2 moths of wrath (shapeshifter) (Vaults:5)
  4 oklob plants
  15 moths of wrath
  A salamander (shapeshifter) (Vaults:5)
  13 elephants
  3 guardian serpents
  3 kobold blastminers
  2 meliai (shapeshifter)
  2 rust devils
  5 molten gargoyles (Desolation)
  The ghost of Chipwarrior the Cleaver, a novice HOFi of Lugonu (D:5)
  A guardian serpent (shapeshifter) (D:14)
  14 naga magi
  A centaur zombie (D:15)
  29 black mambas
  17 vault sentinels
  2 smoke demons (Lair:5)
  3 gargoyles
  An orange demon (Depths:1)
  4 storm dragon simulacra (IceCv)
  A rime drake (shapeshifter) (D:14)
  13 cane toads
  4 freezing wraiths
  An efreet (D:14)
  29 yaktaurs
  Maggie (Lair:2)
  6 komodo dragons
  An unseen horror (D:12)
  A yaktaur (shapeshifter) (Vaults:5)
  An ice devil (Depths:1)
  A rime drake (Lair:4)
  A spark wasp simulacrum (Depths:3)
  6 golden dragon simulacra (IceCv)
  2 hydra zombies (Swamp:4)
  7 tengu conjurers
  5 trolls
  2 hellwings (Depths:1)
  11 tyrant leeches
  A red devil (Depths:1)
  3 bloated husks
  6 dream sheep (Lair:3)
  17 hornets
  8 polar bears
  2 raiju (Lair:5)
  33 blink frogs
  40 saltlings (Desolation)
  A glass eye (Depths:2)
  21 slime creatures
  A meliai zombie (D:15)
  18 spriggans
  A culicivora (Vaults:3)
  2 centaur simulacra
  3 shadows
  6 wyverns
  An air elemental (Elf:2)
  9 small abominations (Lair:5)
  10 water elementals
  2 vampires
  3 wraiths
  3 hogs (Swamp:1)
  63 yaks
  2 ynoxinuls (Depths:1)
  2 humans (Swamp:1)
  A fire bat (shapeshifter) (Vaults:5)
  9 basilisks
  21 vampire mosquitoes
  A steam dragon (D:7)
  7 wargs
  A fire elemental (Elf:3)
  A neqoxec (Depths:1)
  3 chaos spawn
  14 swamp worms
  38 nagas
  2 redbacks (Vaults:3)
  An acid dragon (D:12)
  18 water moccasins
  4 hydra simulacra (Swamp:4)
  5 swamp drakes
  41 orc warriors
  5 ice beasts
  2 swamp dragon zombies (Swamp:4)
  10 black bears
  6 ice dragon simulacra (IceCv)
  11 ogres
  9 wolves
  10 boggarts
  14 centaurs
  A swamp dragon skeleton (Swamp:4)
  2 phantoms
  A kobold brigand (D:8)
  9 bullfrogs
  3 earth elementals
  A gnoll sergeant (D:11)
  4 scorpions
  A glowing shapeshifter simulacrum (Depths:3)
  9 wights
  5 lindwurm simulacra (IceCv)
  A killer bee (D:8)
  6 howler monkeys
  3 electric eels (D:14)
  4 lava snakes (Lair:3)
  3 quasits (D:5)
  26 orc priests
  3 hounds
  2 jellies
  2 gnoll boudas
  3 sleepcaps
  3 iguanas
  24 orc wizards
  4 hell rats (Lair:4)
  A boggart simulacrum (D:15)
  6 gnolls
  10 adders
  3 swamp drake zombies (Swamp:4)
  A swamp drake skeleton (Swamp:4)
  3 white imps
  A ribbon worm (D:2)
  2 dart slugs
  88 orcs
  5 ball pythons
  7 endoplasms
  3 giant cockroaches (D:2)
  7 goblins
  9 hobgoblins
  7 kobolds
  2 quokkas
  4 bats
  8 frilled lizards
  8 rats
  3 aspiring fleshes
  4 fulminant prisms
2100 creatures vanquished.

Vanquished Creatures (collateral kills)
  A Killer Klown (Zot:5)
  Bai Suzhen (Swamp:4)
  A golden dragon (Depths:2)
  Norris (Vaults:4)
  An electric golem (Zot:5)
  2 shadow dragons (Vaults:5)
  A tengu reaver (Vaults:2)
  2 fire giants
  An iron dragon (Vaults:5)
  A frost giant (Vaults:5)
  A deep elf sorcerer (Vaults:5)
  2 ironbound preservers (Vaults:5)
  A draconian annihilator (Zot:4)
  3 stone giants
  A purple draconian (Zot:5)
  2 red draconians
  2 crystal guardians (Vaults:4)
  A yaktaur captain (Vaults:4)
  A fire dragon (Depths:2)
  A great orb of eyes (Vaults:4)
  A hell beast (Depths:1)
  A deep troll earth mage (Depths:4)
  A spriggan berserker (Depths:1)
  A hell knight (Vaults:5)
  An iron troll (Depths:1)
  4 sun demons
  A skyshark (Vaults:4)
  4 deep trolls
  A deep elf archer (Vaults:5)
  2 harpies (Vaults:2)
  2 ugly things
  A moth of wrath (Zot:4)
  A vault sentinel (Vaults:4)
  2 yaktaurs (Vaults:3)
  2 tengu conjurers
  2 slime creatures (Vaults:4)
  A wight (D:6)
55 creatures vanquished.

Vanquished Creatures (others)
  An alligator (Swamp:2)
  A deep elf pyromancer (Elf:2)
  A bloated husk (Swamp:3)
  A water elemental (D:14)
  An orc (Orc:1)
  20 foxfires
  435 fulminant prisms
460 creatures vanquished.

Grand Total: 2615 creatures vanquished

Table legend: (Time is in decaauts)
 A = Elapsed time spent in this place.
 B = Non-inter-level travel time spent in this place.
 C = Inter-level travel time spent in this place.
 D = Time resting spent in this place.
 E = Time spent auto-exploring this place.
 F = Levels seen in this place.
 G = Mean time per level.
                   A        B        C        D        E       F      G
               +--------+--------+--------+--------+--------+-----+--------+
         Total |  73837 |  63337 |  10500 |   6464 |  44838 |  50 | 1476.7 |
       Dungeon |  16123 |  12043 |   4080 |    452 |   8911 |  15 | 1074.9 |
        Temple |      1 |      1 |      0 |      0 |      0 |   1 |    1.0 |
          Lair |   7502 |   6046 |   1456 |    248 |   4248 |   5 | 1500.4 |
         Swamp |   3871 |   3290 |    581 |    289 |   2206 |   4 |  967.8 |
     Snake Pit |   7526 |   6729 |    797 |   1338 |   4502 |   4 | 1881.5 |
  Orcish Mines |   2381 |   1861 |    520 |    153 |   1106 |   2 | 1190.5 |
   Elven Halls |   6976 |   6468 |    508 |    688 |   4944 |   3 | 2325.3 |
        Vaults |  12269 |  11418 |    851 |    735 |   8701 |   5 | 2453.8 |
        Depths |   8836 |   7734 |   1102 |   1582 |   5190 |   4 | 2209.0 |
           Zot |   6095 |   5494 |    601 |    571 |   3771 |   5 | 1219.0 |
      Ice Cave |    593 |    593 |      0 |     79 |    294 |   1 |  593.0 |
    Desolation |   1660 |   1660 |      0 |    329 |    965 |   1 | 1660.0 |
               +--------+--------+--------+--------+--------+-----+--------+

Top non-repeatable levels by time:
   Elf:3: 3415 daAuts
Depths:2: 3198 daAuts
 Snake:3: 3077 daAuts
Vaults:1: 3003 daAuts
Vaults:2: 2634 daAuts
 Snake:4: 2246 daAuts
Vaults:4: 2239 daAuts
Vaults:3: 2198 daAuts
Vaults:5: 2192 daAuts
   Elf:1: 2192 daAuts
  Lair:1: 2109 daAuts
Depths:3: 1941 daAuts
Depths:4: 1860 daAuts
Depths:1: 1835 daAuts
  Lair:2: 1794 daAuts

Table legend:
 A = Non-vault XP
 B = Vault XP
 C = Vault XP percentage of total XP
 D = Non-vault monster count
 E = Vault monster count
 F = Vault count percentage of total count
                 A         B        C        D         E       F
            +---------+---------+-------+---------+---------+-------
      Total |  757381 |  566417 |  42.8 |    1331 |     802 |  37.6
            +---------+---------+-------+---------+---------+-------
        D:1 |      43 |       0 |   0.0 |      20 |       0 |   0.0
        D:2 |      68 |       0 |   0.0 |      25 |       0 |   0.0
        D:3 |      38 |       0 |   0.0 |      10 |       0 |   0.0
        D:4 |     376 |      20 |   5.1 |      21 |       9 |  30.0
        D:5 |     927 |     638 |  40.8 |      14 |       5 |  26.3
        D:6 |     816 |       0 |   0.0 |      14 |       0 |   0.0
        D:7 |     775 |     874 |  53.0 |      19 |       7 |  26.9
        D:8 |     923 |    2469 |  72.8 |       7 |      11 |  61.1
        D:9 |    1091 |       0 |   0.0 |      17 |       0 |   0.0
       D:10 |    7171 |     361 |   4.8 |      29 |      17 |  37.0
       D:11 |    2538 |    4389 |  63.4 |      18 |      11 |  37.9
       D:12 |    4908 |       0 |   0.0 |      24 |       0 |   0.0
       D:13 |    9764 |    8819 |  47.5 |      28 |       9 |  24.3
       D:14 |    8157 |    1218 |  13.0 |      23 |       1 |   4.2
       D:15 |    6867 |    4726 |  40.8 |      18 |      10 |  35.7
     Lair:1 |    7900 |    4976 |  38.6 |      31 |      22 |  41.5
     Lair:2 |    5112 |    6330 |  55.3 |      18 |      20 |  52.6
     Lair:3 |    5005 |    1348 |  21.2 |      20 |       9 |  31.0
     Lair:4 |    5702 |       0 |   0.0 |      26 |       0 |   0.0
     Lair:5 |   12944 |   13982 |  51.9 |      38 |      42 |  52.5
    Swamp:1 |    9952 |    3470 |  25.9 |      19 |       5 |  20.8
    Swamp:2 |   15462 |       0 |   0.0 |      26 |       0 |   0.0
    Swamp:3 |   13961 |       0 |   0.0 |      25 |       0 |   0.0
    Swamp:4 |   10961 |   25501 |  69.9 |      26 |      43 |  62.3
    Snake:1 |    6783 |       0 |   0.0 |      12 |       0 |   0.0
    Snake:2 |   17157 |    5038 |  22.7 |      31 |       4 |  11.4
    Snake:3 |   15480 |    8047 |  34.2 |      34 |      11 |  24.4
    Snake:4 |   24597 |   25257 |  50.7 |      47 |      41 |  46.6
      Orc:1 |    1778 |    1977 |  52.6 |      19 |       2 |   9.5
      Orc:2 |    4042 |    6426 |  61.4 |      32 |      66 |  67.3
      Elf:1 |   10179 |   12658 |  55.4 |      16 |      22 |  57.9
      Elf:2 |   21852 |    7578 |  25.7 |      39 |       8 |  17.0
      Elf:3 |   10070 |   37694 |  78.9 |      16 |      34 |  68.0
   Vaults:1 |   33348 |   26517 |  44.3 |      45 |      37 |  45.1
   Vaults:2 |   55909 |   14582 |  20.7 |      76 |      13 |  14.6
   Vaults:3 |   30635 |   15033 |  32.9 |      53 |      20 |  27.4
   Vaults:4 |   24263 |   24030 |  49.8 |      34 |      32 |  48.5
   Vaults:5 |   50571 |  105480 |  67.6 |      64 |      99 |  60.7
   Depths:1 |   32342 |   10056 |  23.7 |      41 |      18 |  30.5
   Depths:2 |   46113 |    7272 |  13.6 |      46 |       4 |   8.0
   Depths:3 |   22559 |   21587 |  48.9 |      26 |      21 |  44.7
   Depths:4 |   35068 |   11342 |  24.4 |      37 |       9 |  19.6
      Zot:1 |   30732 |    1473 |   4.6 |      28 |       1 |   3.4
      Zot:2 |   19712 |       0 |   0.0 |      15 |       0 |   0.0
      Zot:3 |   44669 |       0 |   0.0 |      35 |       0 |   0.0
      Zot:4 |   53965 |    5103 |   8.6 |      44 |       1 |   2.2
      Zot:5 |   34096 |   95086 |  73.6 |      25 |      41 |  62.1
      IceCv |       0 |   11483 | 100.0 |       0 |      28 | 100.0
 Desolation |       0 |   33577 | 100.0 |       0 |      69 | 100.0
            +---------+---------+-------+---------+---------+-------
